[Event "Titled Tuesday Blitz January 17 Early 2023"]
[White "Rose, Felix"]
[Black "Osmak, Yuliia"]
[WhiteFideId "5105722"]
[BlackFideId "14101602"]
[WhiteElo "2091"]
[BlackElo "2440"]
[Result "0-1"]
[Round "11"]
[TimeControl "180+2"]
[Date "2023.01.17"]
[WhiteClock "0:00:09"]
[BlackClock "0:00:17"]

1. e4 a6 2. d4 b5 3. a4 b4 4. Bg5 Bb7 5. Bd3 Nf6 6. Nd2 h6 7. Bh4 g5 8. Bg3 Bg7 9. e5 Nd5 10. Ne2 Nc6 11. O-O h5 12. h4 g4 13. Ne4 d6 14. e6 fxe6 15. Ng5 Kd7 16. Nf7 Qg8 17. Nxh8 Qxh8 18. c3 Rf8 19. Qc2 a5 20. Rac1 bxc3 21. bxc3 e5 22. dxe5 Nxe5 23. Bf5+ e6 24. Be4 Bc6 25. c4 Nb4 26. Bxc6+ Nexc6 27. Qd1 Bb2 28. Rb1 Be5 29. c5 d5 30. Bxe5 Qxe5 31. Ng3 Qf6 32. Qd2 Qxh4 33. Qh6 Rf7 34. Qxh5 Qe7 35. Qxg4 Rh7 36. Rfe1 Nd3 37. Re3 Nxc5 38. Rbe1 Rh4 39. Qg8 Rxa4 40. Nf5 Qf6 41. Ng7 Re4 42. Qe8+ Kd6 43. Rxe4 Nxe4 44. Nh5 Qxf2+ 45. Kh2 Qh4+ 46. Kg1 Qxe1+ 47. Kh2 Qh4+ 48. Kg1 Qg5 49. Qf8+ Ne7 50. Ng7 Qc1+ 51. Kh2 Qh6+ 52. Kg1 Qe3+ 53. Kh2 Qg3+ 54. Kg1 Qe1+ 55. Kh2 Qh4+ 56. Kg1 Kc6 57. Nxe6 Qf6 58. Nd8+ Kd7 59. Qxf6 Nxf6 60. Nb7 Nc6 61. Kf2 Ne4+ 62. Ke3 a4 63. g4 a3 64. Nc5+ Nxc5 65. g5 Ne6 66. g6 a2 67. Kd2 a1=Q 68. g7 Qxg7 69. Kd3 Qg3+ 70. Kc2 Qe3 71. Kb2 d4 72. Kc2 d3+ 73. Kc3 d2+ 74. Kc4 Qd4+ 75. Kb5 Qb4+ 76. Ka6 Qa5+ 77. Kb7 Qb6+ 78. Ka8 Qa7# 0-1


[Site "https://www.chess.com"]

[Event "Titled Tuesday Blitz January 17 Early 2023"]
[White "Estrada Nieto, Julian"]
[Black "Matveeva, Olga"]
[WhiteFideId "5101018"]
[BlackFideId "24107018"]
[WhiteElo "2215"]
[BlackElo "2128"]
[Result "0-1"]
[Round "11"]
[TimeControl "180+2"]
[Date "2023.01.17"]
[WhiteClock "0:00:04"]
[BlackClock "0:00:22"]

1. Nf3 d5 2. c4 e6 3. b3 Nf6 4. Bb2 Be7 5. g3 O-O 6. Bg2 c5 7. O-O Nc6 8. cxd5 Nxd5 9. Nc3 Bf6 10. Rc1 b6 11. a3 Bb7 12. Qc2 Nxc3 13. Bxc3 Bxc3 14. Qxc3 Rc8 15. Rfd1 Qe7 16. e3 Rfd8 17. d3 Rd7 18. Ne5 Nxe5 19. Bxb7 Rxb7 20. Qxe5 Rd8 21. Qc3 Rbd7 22. b4 cxb4 23. axb4 h6 24. Rd2 Rd5 25. Rcd1 Qd7 26. f4 Rc8 27. Qb2 Qc6 28. e4 Rd7 29. Qe5 Qc3 30. Qxc3 Rxc3 31. Ra2 Rb3 32. Ra4 b5 33. Ra6 Rxb4 34. Kf2 Rb2+ 35. Ke3 Rxh2 36. Rda1 Rg2 37. Kf3 Rd2 38. Rxa7 R2xd3+ 39. Kg4 g6 40. Rxd7 Rxd7 41. Ra8+ Kg7 42. Rb8 Rd4 43. e5 b4 44. Kf3 g5 45. Ke3 Rc4 46. Rb7 Kg6 47. Kf3 Rc3+ 48. Kf2 b3 49. Kg2 Rc2+ 50. Kf3 Rc3+ 51. Kg2 g4 52. Kf2 Rc2+ 0-1


[Site "https://www.chess.com"]

[Event "Titled Tuesday Blitz January 17 Early 2023"]
[White "Player, Edmund C"]
[Black "Bon, Michael"]
[WhiteFideId "406520"]
[BlackFideId "620696"]
[WhiteElo "2204"]
[BlackElo "2394"]
[Result "1-0"]
[Round "11"]
[TimeControl "180+2"]
[Date "2023.01.17"]
[WhiteClock "0:00:03"]
[BlackClock "0:00:02"]

1. e4 c5 2. Nf3 d6 3. d4 cxd4 4. Nxd4 Nf6 5. Nc3 Nc6 6. Bg5 e6 7. Qd2 a6 8. O-O-O Bd7 9. f4 Be7 10. Nxc6 Bxc6 11. Bd3 b5 12. e5 dxe5 13. fxe5 Nd5 14. Bxe7 Qxe7 15. Ne4 O-O 16. Rdf1 f5 17. exf6 gxf6 18. Rhg1 Nb4 19. a3 Nxd3+ 20. Qxd3 Rad8 21. Qe3 f5 22. Ng3 Qf6 23. Re1 Rfe8 24. Qe5 Qxe5 25. Rxe5 Rd5 26. Rxd5 Bxd5 27. Nh5 Kf7 28. g3 Bc6 29. Rf1 Rd8 30. Nf4 Kf6 31. Nh5+ Kg5 32. Nf4 Rd6 33. Re1 Kf6 34. Nh5+ Kg5 35. Nf4 Be4 36. h3 e5 37. Ne2 Kf6 38. Nc3 Bc6 39. Nd1 h5 40. Ne3 Be4 41. Rf1 Kg5 42. h4+ Kg6 43. Rf2 Rc6 44. Nf1 1-0


[Site "https://www.chess.com"]

[Event "Titled Tuesday Blitz January 17 Early 2023"]
[White "Buscar, Michael"]
[Black "Degtiarev, Evgeny"]
[WhiteFideId "2603616"]
[BlackFideId "4149610"]
[WhiteElo "2041"]
[BlackElo "2385"]
[Result "0-1"]
[Round "11"]
[TimeControl "180+2"]
[Date "2023.01.17"]
[WhiteClock "0:00:07"]
[BlackClock "0:00:20"]

1. Nf3 d5 2. b3 Nf6 3. Bb2 e6 4. e3 c5 5. c4 Nc6 6. cxd5 exd5 7. Be2 Be7 8. O-O O-O 9. d3 a5 10. a3 b5 11. Nbd2 Bb7 12. Ne5 Nxe5 13. Bxe5 Nd7 14. Bb2 Bf6 15. Bxf6 Qxf6 16. a4 b4 17. Nf3 Ne5 18. d4 Nxf3+ 19. Bxf3 Rac8 20. Rc1 cxd4 21. Qxd4 Qxd4 22. exd4 Rc3 23. Rxc3 bxc3 24. Bd1 Ba6 25. Re1 Bd3 26. Re5 c2 27. Bxc2 Bxc2 28. Rxd5 Bxb3 29. Rxa5 Rd8 30. f3 g6 31. Kf2 Rxd4 32. Ra8+ Kg7 33. a5 Ra4 34. a6 Bd5 35. Rd8 Bc4 36. Rd4 Ra2+ 37. Ke3 Bxa6 38. Rg4 Bc8 39. Rg3 h5 40. h4 Kf6 41. Rg5 Ra4 42. g3 Be6 43. Rc5 Kg7 44. Rc7 Ra3+ 45. Kf4 Kf6 46. Rc6 Ra4+ 47. Ke3 Ke5 48. Rc5+ Bd5 49. f4+ Kd6 50. Rc3 Re4+ 51. Kf2 Ke6 52. Ra3 Rc4 53. Ra6+ Bc6 54. Ra3 Kf5 55. Ra5+ Kg4 56. Rg5+ Kh3 57. f5 Rc2+ 58. Ke3 Rc3+ 59. Kd4 Rxg3 60. fxg6 Rxg5 61. gxf7 Rf5 0-1


[Site "https://www.chess.com"]

[Event "Titled Tuesday Blitz January 17 Early 2023"]
[White "Manon-og, Ramon Jr."]
[Black "Legenia, Artem"]
[WhiteFideId "5200776"]
[BlackFideId "14136945"]
[WhiteElo "1999"]
[BlackElo "2092"]
[Result "1-0"]
[Round "11"]
[TimeControl "180+2"]
[Date "2023.01.17"]
[WhiteClock "0:00:19"]
[BlackClock "0:00:47"]

1. e4 b6 2. d4 e6 3. Bd3 Bb7 4. Nf3 d6 5. O-O Nd7 6. Bg5 Ne7 7. Nc3 h6 8. Bh4 a6 9. Qd2 g6 10. Rae1 Bg7 11. e5 d5 12. h3 c5 13. dxc5 bxc5 14. Nxd5 Bxd5 15. c4 Bb7 16. Qc2 g5 17. Bg3 Nc6 18. Be4 Qc7 19. Qa4 O-O 20. Bb1 Nb6 21. Qc2 Rfe8 22. Qh7+ Kf8 23. h4 g4 24. Nh2 Nd4 25. Nxg4 Qc6 26. Be4 Qc7 27. Nf6 Bxe4 28. Rxe4 Nxc4 29. Rg4 Ne2+ 30. Kh2 Nxg3 31. Qxg7+ Ke7 32. fxg3 Nxe5 33. Rgf4 Rf8 34. Nh7 Qd6 35. Nxf8 Rxf8 36. Qxh6 Rg8 37. Qh7 Rg4 38. Rxf7+ Nxf7 39. Rxf7+ Ke8 40. Rf3 a5 41. Qh5+ 1-0


[Site "https://www.chess.com"]

[Event "Titled Tuesday Blitz January 17 Early 2023"]
[White "Seletsky, Grigory"]
[Black "Garrido, Denis"]
[WhiteFideId "14112191"]
[BlackFideId "601217"]
[WhiteElo "2259"]
[BlackElo "2205"]
[Result "1/2-1/2"]
[Round "11"]
[TimeControl "180+2"]
[Date "2023.01.17"]
[WhiteClock "0:01:16"]
[BlackClock "0:01:43"]

1. Nc3 Nf6 2. e4 e5 3. f4 d5 4. fxe5 Nxe4 5. Nf3 Bg4 6. d3 Nxc3 7. bxc3 Nc6 8. d4 Be7 9. Bf4 O-O 10. Bd3 f5 11. h3 Bh5 12. Qd2 Qd7 13. O-O Nd8 14. Bg5 Ne6 15. Bxe7 Qxe7 16. Nh2 Bg6 17. Rf2 Qg5 18. Raf1 Qxd2 19. Rxd2 c6 20. Rdf2 f4 21. Bxg6 hxg6 22. Nf3 Rac8 23. h4 c5 24. Ng5 Nxg5 25. hxg5 cxd4 26. cxd4 Rc4 27. Rxf4 Rxf4 28. Rxf4 Rxc2 29. Kf1 Rxa2 30. e6 Ra1+ 31. Ke2 Ra2+ 32. Kf3 Ra3+ 33. Kf2 Ra2+ 34. Ke1 Ra1+ 35. Kf2 Ra2+ 36. Kf3 Ra3+ 37. Kf2 Ra2+ 1/2-1/2


[Site "https://www.chess.com"]

[Event "Titled Tuesday Blitz January 17 Early 2023"]
[White "Martin, Lewis"]
[Black "Rian, Kapriaga"]
[WhiteFideId "410551"]
[BlackFideId "7103263"]
[WhiteElo "2135"]
[BlackElo "2089"]
[Result "0-1"]
[Round "11"]
[TimeControl "180+2"]
[Date "2023.01.17"]
[WhiteClock "0:01:12"]
[BlackClock "0:02:04"]

1. e4 c6 2. b3 d5 3. Bb2 dxe4 4. Ne2 Bf5 5. Ng3 Bg6 6. Nc3 Nf6 7. Qe2 e6 8. Ngxe4 Nbd7 9. h4 h6 10. O-O-O a5 11. g4 a4 12. Bg2 axb3 13. axb3 Ba3 14. g5 Nxe4 15. Bxe4 Qe7 16. Bxg6 Bxb2+ 17. Kxb2 Qa3+ 18. Kb1 Qa1# 0-1


[Site "https://www.chess.com"]

[Event "Titled Tuesday Blitz January 17 Early 2023"]
[White "Fernandez Siles, Luis"]
[Black "Broca Jimenez, Fernando"]
[WhiteFideId "2209420"]
[BlackFideId "5104742"]
[WhiteElo "2218"]
[BlackElo "2075"]
[Result "1/2-1/2"]
[Round "11"]
[TimeControl "180+2"]
[Date "2023.01.17"]
[WhiteClock "0:00:24"]
[BlackClock "0:00:07"]

1. d4 Nf6 2. Bg5 g6 3. Bxf6 exf6 4. c4 Bg7 5. Nc3 O-O 6. g3 f5 7. e3 c6 8. Bg2 d6 9. Nge2 Na6 10. O-O Nc7 11. b4 d5 12. cxd5 Nxd5 13. Nxd5 cxd5 14. Qb3 Be6 15. Nf4 Qd6 16. Bxd5 Bxd5 17. Qxd5 Qxd5 18. Nxd5 Rfd8 19. Nf4 Bf8 20. b5 Rac8 21. Rfc1 Bd6 22. Nd3 Kf8 23. a4 Ke7 24. Kf1 f6 25. Ke2 g5 26. f3 Kd7 27. Nc5+ Bxc5 28. dxc5 Ke6 29. Rc4 Rd5 30. Rac1 h5 31. R1c2 Ke7 32. c6 Rc7 33. cxb7 Rxb7 34. Rc7+ Rd7 35. Rxb7 Rxb7 36. Rc6 Rd7 37. Rc8 Rb7 38. Rc5 Rd7 39. Rxf5 Rd6 40. Rc5 Ke6 41. Rc6 Rxc6 42. bxc6 Kd6 43. e4 Kxc6 44. f4 Kc5 45. Kd3 h4 46. Kc3 hxg3 47. hxg3 gxf4 48. gxf4 a6 49. e5 fxe5 50. fxe5 Kd5 51. Kb4 Kxe5 52. Ka5 Kd6 53. Kxa6 Kc7 54. Ka7 Kc8 55. a5 Kc7 56. a6 Kc8 57. Ka8 Kc7 58. a7 Kc8 1/2-1/2


[Site "https://www.chess.com"]

[Event "Titled Tuesday Blitz January 17 Early 2023"]
[White "Petrova, Irina"]
[Black "Tarnowska, Aleksandra"]
[WhiteFideId "14124122"]
[BlackFideId "1180967"]
[WhiteElo "2108"]
[BlackElo "1835"]
[Result "0-1"]
[Round "11"]
[TimeControl "180+2"]
[Date "2023.01.17"]
[WhiteClock "0:00:01"]
[BlackClock "0:00:09"]

1. e4 c5 2. Nf3 e6 3. c4 Qc7 4. Nc3 a6 5. Be2 Nc6 6. O-O Nf6 7. d4 cxd4 8. Nxd4 Bb4 9. Qd3 O-O 10. Be3 Bxc3 11. bxc3 Ne5 12. Qc2 Nxc4 13. Bg5 Ne5 14. f4 Neg4 15. Bxg4 Nxg4 16. Qe2 f5 17. e5 h6 18. h3 Qxc3 19. Nc2 hxg5 20. hxg4 gxf4 21. Rxf4 b5 22. gxf5 Rxf5 23. Rxf5 exf5 24. Rf1 g6 25. Ne3 Bb7 26. Qf2 Qxe5 27. Re1 Re8 28. Nc2 Be4 29. Nd4 d5 30. Nc6 Qd6 31. Nd4 Rc8 32. g3 Qc5 33. Rd1 Qc3 34. Ne6 Qc2 0-1


[Site "https://www.chess.com"]

[Event "Titled Tuesday Blitz January 17 Early 2023"]
[White "Begunov, Konstantin"]
[Black "Jenkins, Drake"]
[WhiteFideId "4118510"]
[BlackFideId "2022397"]
[WhiteElo "2325"]
[BlackElo "2130"]
[Result "1-0"]
[Round "11"]
[TimeControl "180+2"]
[Date "2023.01.17"]
[WhiteClock "0:00:19"]
[BlackClock "0:00:01"]

1. d4 Nf6 2. c4 c5 3. Nf3 cxd4 4. Nxd4 Nc6 5. Nc3 g6 6. g3 Bg7 7. Bg2 O-O 8. O-O Nxd4 9. Qxd4 d6 10. Qd2 Rb8 11. b3 a6 12. Bb2 b5 13. cxb5 axb5 14. b4 Be6 15. e4 Qd7 16. Nd5 Nxd5 17. Bxg7 Kxg7 18. exd5 Bf5 19. Rfc1 h5 20. Rc6 Ra8 21. Rac1 Rfc8 22. Bf1 Qb7 23. Qe2 Rab8 24. Rxc8 Bxc8 25. a3 Qxd5 26. Bg2 Qe6 27. Qb2+ Qf6 28. Qe2 Bg4 29. Qd3 Qb2 30. Rc7 Qa1+ 31. Bf1 Bh3 32. Rxe7 1-0


[Site "https://www.chess.com"]

[Event "Titled Tuesday Blitz January 17 Early 2023"]
[White "Horcajuelo Rocamora, Martin"]
[Black "Zaichenko, Daria"]
[WhiteFideId "24573027"]
[BlackFideId "4197453"]
[WhiteElo "2107"]
[BlackElo "2104"]
[Result "1-0"]
[Round "11"]
[TimeControl "180+2"]
[Date "2023.01.17"]
[WhiteClock "0:01:39"]
[BlackClock "0:01:14"]

1. e4 c5 2. Nf3 Nc6 3. d4 cxd4 4. Nxd4 Nf6 5. Nc3 d6 6. Nd5 e6 7. Nxf6+ gxf6 8. Be3 a6 9. Be2 Be7 10. O-O Bd7 11. c4 e5 12. Nc2 f5 13. exf5 Bxf5 14. Bf3 Qd7 15. a3 Rg8 16. Kh1 e4 17. Be2 Ne5 18. Bf4 Bf6 19. Ne3 O-O-O 20. Nd5 Qe6 21. Bg3 Bg4 22. Bxg4 Nxg4 23. Qb3 Be5 24. Qb6 Rd7 25. Qa7 Rdd8 26. Qa8+ Kd7 27. Qxb7+ Ke8 28. Nc7+ Kf8 29. Nxe6+ fxe6 30. Bxe5 Nxe5 31. Qxe4 1-0


[Site "https://www.chess.com"]

[Event "Titled Tuesday Blitz January 17 Early 2023"]
[White "Sovetbekova, Nurai"]
[Black "Avazkhonov, Alikhon"]
[WhiteFideId "13801910"]
[BlackFideId "14208504"]
[WhiteElo "1764"]
[BlackElo "1538"]
[Result "1-0"]
[Round "11"]
[TimeControl "180+2"]
[Date "2023.01.17"]
[WhiteClock "0:01:00"]
[BlackClock "0:00:01"]

1. d4 Nf6 2. c4 e6 3. g3 Bb4+ 4. Nd2 O-O 5. Bg2 d5 6. Nf3 b6 7. O-O Bb7 8. Qc2 Nbd7 9. Nb3 a5 10. Bf4 a4 11. Nbd2 dxc4 12. Nxc4 Qe7 13. a3 Be4 14. Qd1 Bd6 15. Nxd6 cxd6 16. Rc1 b5 17. Qd2 Nb6 18. Qb4 Nc4 19. Qxb5 d5 20. Nd2 Bxg2 21. Kxg2 Nxd2 22. Bxd2 Rfb8 23. Qc6 Ne4 24. Bb4 Qa7 25. e3 Qa6 26. Qd7 Rd8 27. Qc7 Rdc8 28. Qf4 Rxc1 29. Rxc1 Qe2 30. Rc7 f6 31. Qf3 Qxb2 32. h4 Re8 33. Ra7 e5 34. dxe5 fxe5 35. Qf7+ Kh8 36. Qxg7# 1-0


[Site "https://www.chess.com"]

[Event "Titled Tuesday Blitz January 17 Early 2023"]
[White "Chan, Kim Yew"]
[Black "Zampronha, Wladimir Camilo"]
[WhiteFideId "5717981"]
[BlackFideId "2103087"]
[WhiteElo "2340"]
[BlackElo "2176"]
[Result "0-1"]
[Round "11"]
[TimeControl "180+2"]
[Date "2023.01.17"]
[WhiteClock "0:00:01"]
[BlackClock "0:00:05"]

1. c4 Nf6 2. Nc3 e6 3. d4 Bb4 4. Bd2 O-O 5. e3 d5 6. Nf3 c5 7. cxd5 exd5 8. Be2 Nc6 9. dxc5 Bxc5 10. Nb5 Re8 11. O-O Bg4 12. Rc1 Bb6 13. Bc3 Ne4 14. Bd4 a6 15. Bxb6 Qxb6 16. Nc3 Nxc3 17. bxc3 Rad8 18. Nd4 Bxe2 19. Nxe2 Ne5 20. Qb3 Qc7 21. Rfd1 Nc4 22. Nf4 Qc6 23. Rd4 b5 24. Rcd1 Re5 25. e4 Rde8 26. Nxd5 Rxe4 27. Rxe4 Rxe4 28. h3 Re8 29. Qb4 Qb7 30. Ne7+ Kh8 31. Nf5 Kg8 32. Qc5 Qb6 33. Qxb6 Nxb6 34. Rd6 Na4 35. Rxa6 Nxc3 36. Nd6 Rb8 37. Nf5 h6 38. Ne3 b4 39. Ra7 Rb5 40. Nc2 b3 41. axb3 Rxb3 42. Nd4 Rb1+ 43. Kh2 Nd5 44. Nc6 Rb2 45. Kg3 Nf6 46. f3 Nh5+ 47. Kh4 Nf4 48. g3 Ng6+ 49. Kg4 Rc2 50. Nd8 Ne5+ 51. Kf4 Ng6+ 52. Ke4 Re2+ 53. Kd3 Rg2 54. g4 Rg3 55. Ke3 Rxh3 56. Kf2 Nh4 57. f4 Rf3+ 58. Ke2 Rxf4 59. Nc6 Re4+ 60. Kf2 Re8 61. Kg3 Ng6 62. Nd4 Rd8 63. Nf5 Re8 64. Rc7 Rb8 65. Nd6 Ra8 66. Nxf7 Rf8 67. Nd6 Ne5 68. Nf5 g6 69. Nxh6+ Kh8 70. Re7 Nc6 71. Rc7 Nd4 0-1


[Site "https://www.chess.com"]

[Event "Titled Tuesday Blitz January 17 Early 2023"]
[White "Kostiukov, Alexandr"]
[Black "MitzyCaballero"]
[WhiteFideId "14108100"]
[WhiteElo "2271"]
[BlackElo "2235"]
[Result "0-1"]
[Round "11"]
[TimeControl "180+2"]
[Date "2023.01.17"]
[WhiteClock "0:00:03"]
[BlackClock "0:00:17"]

1. e4 g6 2. d4 Bg7 3. Nc3 d6 4. f4 a6 5. Nf3 Nf6 6. h3 O-O 7. Bc4 b5 8. Bb3 Bb7 9. Qe2 b4 10. Nd5 Nxd5 11. exd5 Nd7 12. O-O Nf6 13. Qc4 a5 14. Re1 Bxd5 15. Qd3 Bb7 16. a3 c5 17. axb4 axb4 18. Rxa8 Bxa8 19. dxc5 dxc5 20. Qxd8 Rxd8 21. Be3 Ne4 22. Ne5 e6 23. Ra1 Bd5 24. Ra7 Bxb3 25. cxb3 Bxe5 26. fxe5 Rd1+ 27. Kh2 Kg7 28. Rc7 Rd5 29. g4 Rxe5 30. Kg2 g5 31. Kf3 h6 32. Ke2 Rd5 33. Kf3 Nd2+ 34. Ke2 Nxb3 35. Bf2 Nd4+ 36. Ke3 e5 37. Bg3 Nc2+ 38. Ke4 Rd4+ 39. Kxe5 Kg6 40. Rc6+ Kg7 41. Be1 b3 42. Bf2 Rd2 43. Bxc5 Re2+ 44. Kd5 Rd2+ 45. Kc4 Rh2 46. Kxb3 Ne1 47. Bd4+ Kf8 48. Rc8+ Ke7 49. Kc4 Nf3 50. Rc7+ Ke6 51. Rc6+ Kd7 52. Rxh6 Nxd4 53. Kxd4 Rxb2 54. Ke5 Rf2 55. Rh5 Ke7 56. Rxg5 f6+ 57. Ke4 fxg5 0-1


[Site "https://www.chess.com"]

[Event "Titled Tuesday Blitz January 17 Early 2023"]
[White "Clawitter, Craig"]
[Black "Wilson, Elvin"]
[WhiteFideId "2023105"]
[BlackFideId "2014874"]
[WhiteElo "2050"]
[BlackElo "2183"]
[Result "1-0"]
[Round "11"]
[TimeControl "180+2"]
[Date "2023.01.17"]
[WhiteClock "0:00:07"]
[BlackClock "0:00:01"]

1. e4 e6 2. d4 d5 3. e5 c5 4. c3 Nc6 5. Nf3 Qb6 6. a3 c4 7. Nbd2 Na5 8. g3 Bd7 9. Bg2 Ne7 10. O-O Qc7 11. Re1 Nc8 12. Rb1 Nb6 13. Nf1 h6 14. h4 O-O-O 15. Be3 Be7 16. N3d2 a6 17. Qf3 Rdf8 18. Rec1 Kb8 19. h5 Ka7 20. Bh3 Ba4 21. Bf4 Qd8 22. Ne3 Qc8 23. Nc2 Qd8 24. Nb4 Qd7 25. b3 cxb3 26. c4 Nbxc4 27. Nxc4 dxc4 28. d5 exd5 29. Bxd7 Bxd7 30. Qxd5 Bb5 31. Be3+ Ka8 32. Qd4 Kb8 33. Qa7+ Kc8 34. Bb6 Bd8 35. Bxa5 Bxa5 36. Qc5+ Kb8 37. Rxc4 Bxc4 38. Qxa5 Be6 39. Nxa6+ bxa6 40. Qb6+ Ka8 41. Qxa6+ Kb8 42. Qb6+ Ka8 43. Rc1 Rc8 44. Qa6+ Kb8 45. Qd6+ Ka8 46. Rc7 Rxc7 47. Qxc7 Rc8 48. Qa5+ Kb8 49. Qb6+ Ka8 50. a4 Rc1+ 51. Kg2 1-0


[Site "https://www.chess.com"]

[Event "Titled Tuesday Blitz January 17 Early 2023"]
[White "Levitan, Caleb Levi"]
[Black "Cueto, Jonny"]
[WhiteFideId "14332620"]
[BlackFideId "3300145"]
[WhiteElo "2129"]
[BlackElo "2122"]
[Result "1-0"]
[Round "11"]
[TimeControl "180+2"]
[Date "2023.01.17"]
[WhiteClock "0:00:21"]
[BlackClock "0:00:01"]

1. d4 e6 2. Bf4 d5 3. e3 c5 4. c3 Qb6 5. Qb3 c4 6. Qc2 g6 7. Nd2 Bg7 8. e4 Nc6 9. Ngf3 Nf6 10. Be2 dxe4 11. Nxc4 Qd8 12. Nd6+ Kf8 13. Nxe4 Qb6 14. Nxf6 Bxf6 15. O-O Bd7 16. Rad1 Ne7 17. Ne5 Bb5 18. Bxb5 Qxb5 19. a4 Qe8 20. Bh6+ Bg7 21. Bxg7+ Kxg7 22. Qe4 Nf5 23. Qf3 Qxa4 24. Qxb7 Rhf8 25. Ra1 Qc2 26. Nxf7 Rab8 27. Qc7 Rbc8 28. Qd7 1-0


[Site "https://www.chess.com"]

[Event "Titled Tuesday Blitz January 17 Early 2023"]
[White "Martinez, Shawn"]
[Black "Winkels, Marcel"]
[WhiteFideId "2039770"]
[BlackFideId "1003887"]
[WhiteElo "1881"]
[BlackElo "1960"]
[Result "1-0"]
[Round "11"]
[TimeControl "180+2"]
[Date "2023.01.17"]
[WhiteClock "0:00:16"]
[BlackClock "0:00:03"]

1. e4 Nf6 2. Nc3 d5 3. Nf3 dxe4 4. Ng5 Bf5 5. Bc4 e6 6. f3 Bb4 7. Qe2 Bxc3 8. bxc3 exf3 9. Qxf3 Nc6 10. Nxf7 Qe7 11. Nxh8 O-O-O 12. d4 Nxd4 13. cxd4 Qb4+ 14. c3 Qxc4 15. Nf7 Bg4 16. Qe3 Nd5 17. Qd2 Rf8 18. Ne5 Qa6 19. Nxg4 h5 20. Ne3 h4 21. Nxd5 exd5 22. Qe2 Qc6 23. Qg4+ Kb8 24. Bd2 Re8+ 25. Kf1 Qc4+ 26. Kg1 Qd3 27. Qf4 b6 28. Rf1 Re2 29. Bc1 Qxc3 30. h3 1-0


[Site "https://www.chess.com"]

[Event "Titled Tuesday Blitz January 17 Early 2023"]
[White "Thiel, Thomas"]
[Black "Torres Dominguez, David"]
[WhiteFideId "4615964"]
[BlackFideId "2220857"]
[WhiteElo "2234"]
[BlackElo "1994"]
[Result "0-1"]
[Round "11"]
[TimeControl "180+2"]
[Date "2023.01.17"]
[WhiteClock "0:00:02"]
[BlackClock "0:00:46"]

1. e4 Nc6 2. Nf3 e5 3. d4 exd4 4. Nxd4 Nf6 5. Nxc6 bxc6 6. e5 Qe7 7. Qe2 Nd5 8. h4 f6 9. c4 Ba6 10. Rh3 fxe5 11. Bg5 Nf6 12. Re3 d6 13. Nc3 O-O-O 14. Ne4 d5 15. Nd2 Qb4 16. Rb3 Bxc4 17. Qe3 Bxb3 18. axb3 Bc5 19. Qh3+ Kb8 20. Ra4 Qb6 21. b4 Bxf2+ 22. Kd1 Bd4 23. Qa3 Rhf8 24. Ra6 Qb7 25. Nb3 Bb6 26. Nc5 Bxc5 27. bxc5 Ne4 0-1


[Site "https://www.chess.com"]

[Event "Titled Tuesday Blitz January 17 Early 2023"]
[White "Kornyukov, Alexey"]
[Black "Kiseleva, Arina"]
[WhiteFideId "4150457"]
[BlackFideId "4164989"]
[WhiteElo "2452"]
[BlackElo "1962"]
[Result "1-0"]
[Round "11"]
[TimeControl "180+2"]
[Date "2023.01.17"]
[WhiteClock "0:00:30"]
[BlackClock "0:00:01"]

1. e4 c6 2. d4 d5 3. Nc3 dxe4 4. Nxe4 Nf6 5. Qe2 Nxe4 6. Qxe4 Qd5 7. Qxd5 cxd5 8. Bb5+ Bd7 9. Bxd7+ Nxd7 10. Nf3 e6 11. Bd2 Bd6 12. O-O f6 13. b3 Kf7 14. c4 dxc4 15. bxc4 e5 16. c5 Bc7 17. Rac1 exd4 18. Nxd4 Ne5 19. Nb5 Rad8 20. Be3 Bb8 21. Rfd1 Ke7 22. Nd6 b6 23. Nf5+ Kf7 24. cxb6 axb6 25. Bxb6 Rxd1+ 26. Rxd1 g6 27. Ne3 Rc8 28. a4 Ke6 29. g3 Rc3 30. a5 Ra3 31. Rc1 Bd6 32. Nc4 Nxc4 33. Rxc4 Ra1+ 34. Kg2 Kd5 35. Rc8 Bb4 36. Ra8 Kc6 37. Rc8+ Kb5 38. Rc7 h5 39. Rg7 g5 40. Rg6 1-0


[Site "https://www.chess.com"]

[Event "Titled Tuesday Blitz January 17 Early 2023"]
[White "Liimatainen, Jero"]
[Black "Adithya A Chullikkad"]
[WhiteFideId "509531"]
[BlackFideId "45078734"]
[WhiteElo "1948"]
[BlackElo "2259"]
[Result "1-0"]
[Round "11"]
[TimeControl "180+2"]
[Date "2023.01.17"]
[WhiteClock "0:02:06"]
[BlackClock "0:02:29"]

1. e4 e5 2. Nf3 Nc6 3. Bb5 a6 4. Ba4 Nf6 5. d3 b5 6. Bb3 Bc5 7. c3 d6 8. O-O h6 9. h3 O-O 10. Re1 Bb6 11. Nbd2 Re8 12. Nf1 Be6 13. Ng3 Ne7 14. Bxe6 fxe6 15. d4 exd4 16. cxd4 Ng6 17. Be3 e5 18. Qc2 exd4 19. Nxd4 Bxd4 20. Bxd4 Kh8 21. Rad1 Qe7 22. e5 dxe5 23. Qxg6 1-0


[Site "https://www.chess.com"]

[Event "Titled Tuesday Blitz January 17 Early 2023"]
[White "Mohammadian, Mohammad"]
[Black "ritanovikova"]
[WhiteFideId "12566055"]
[WhiteElo "1398"]
[BlackElo "2137"]
[Result "0-1"]
[Round "11"]
[TimeControl "180+2"]
[Date "2023.01.17"]
[WhiteClock "0:00:09"]
[BlackClock "0:00:20"]

1. e4 d5 2. exd5 Qxd5 3. Nc3 Qd6 4. d4 Nf6 5. Nf3 a6 6. Be2 Bg4 7. O-O Nc6 8. Be3 e6 9. Qd2 O-O-O 10. Rad1 Qd7 11. Qc1 Bb4 12. a3 Bxc3 13. bxc3 Ne4 14. Qb2 Ne7 15. h3 Bf5 16. Ne5 Qe8 17. Bf3 Nd6 18. c4 f6 19. c5 Nb5 20. a4 fxe5 21. axb5 Qxb5 22. Qxb5 axb5 23. dxe5 Bxc2 24. Rc1 Bd3 25. Ra1 Kb8 26. Ra3 Bxf1 27. Kxf1 Nd5 28. Bxd5 Rxd5 29. f4 c6 30. Kf2 g6 31. g4 Rf8 32. Ke2 Kc7 33. h4 Rfd8 34. Kf3 Rd3 35. Ra1 Rd1 36. Ra3 R8d3 37. Ra2 b4 38. Rb2 b3 39. Ke2 Kd7 40. Bd2 R1xd2+ 41. Rxd2 Rxd2+ 42. Kxd2 Kc7 43. Kc3 b6 44. cxb6+ Kxb6 45. Kxb3 Kc5 46. Kc3 Kd5 47. Kd3 c5 48. Ke3 c4 49. f5 gxf5 50. g5 Kxe5 51. h5 f4+ 52. Kf3 c3 53. Ke2 f3+ 54. Ke3 f2 55. Kxf2 c2 56. g6 hxg6 57. hxg6 c1=Q 58. g7 Qf4+ 59. Ke2 Qg5 60. Kd3 Qxg7 61. Kc4 Qd7 62. Kb4 Kf6 63. Kc4 e5 64. Kc3 e4 65. Kc2 e3 66. Kb3 e2 67. Kc4 e1=Q 68. Kc5 Qc1+ 69. Kb4 Qb7+ 70. Ka5 Qa1# 0-1


[Site "https://www.chess.com"]

[Event "Titled Tuesday Blitz January 17 Early 2023"]
[White "Garmash, Aliona"]
[Black "Better_Chess_Faster"]
[WhiteFideId "34127620"]
[WhiteElo "2039"]
[BlackElo "2030"]
[Result "0-1"]
[Round "11"]
[TimeControl "180+2"]
[Date "2023.01.17"]
[WhiteClock "0:00:01"]
[BlackClock "0:00:02"]

1. d4 Nf6 2. c4 c5 3. d5 b5 4. cxb5 a6 5. bxa6 g6 6. Nc3 Bg7 7. Nf3 O-O 8. a4 e6 9. e4 exd5 10. exd5 Re8+ 11. Be2 d6 12. O-O Nxa6 13. Bf4 Nb4 14. h3 Bb7 15. Bc4 Re4 16. Nxe4 Nxe4 17. Qe2 Nf6 18. Rfd1 Qd7 19. Ra3 Nfxd5 20. Bg3 Qc6 21. Bb5 Qc7 22. Ng5 Bd4 23. Ne4 Rd8 24. Bh4 Rc8 25. Qd2 Kg7 26. Qg5 h6 27. Qc1 Bc6 28. Bxc6 Qxc6 29. Nc3 Qd7 30. Bg3 Re8 31. Nxd5 Nxd5 32. a5 Ra8 33. a6 Ra7 34. Qc4 Nb6 35. Qc2 d5 36. Qe2 Bf6 37. Qe3 d4 38. Qf3 c4 39. Bf4 d3 40. Qe3 Bd4 41. Bxh6+ Kh7 42. Qf4 Nd5 43. Qh4 Kg8 44. Bg5 Qf5 45. Qxd4 Qxg5 46. Qxa7 Nf4 47. Qa8+ Kg7 48. Qf3 f5 0-1


[Site "https://www.chess.com"]

[Event "Titled Tuesday Blitz January 17 Early 2023"]
[White "Ciuffoletti, Paolo"]
[Black "Jimenez Fernandez, Rebeca"]
[WhiteFideId "807630"]
[BlackFideId "32070934"]
[WhiteElo "2106"]
[BlackElo "2069"]
[Result "0-1"]
[Round "11"]
[TimeControl "180+2"]
[Date "2023.01.17"]
[WhiteClock "0:00:01"]
[BlackClock "0:00:10"]

1. e4 c5 2. d4 cxd4 3. c3 Nf6 4. e5 Nd5 5. Qxd4 e6 6. Bc4 Nc6 7. Qe4 Nb6 8. Bb3 d6 9. exd6 Bxd6 10. Nf3 O-O 11. Ng5 g6 12. Qh4 h5 13. O-O Ne7 14. Rd1 Nf5 15. Qh3 Nd5 16. Ne4 Bf4 17. Bxd5 Bxc1 18. Bb3 Nd4 19. Rxd4 Qc7 20. Rc4 Qf4 21. g3 Qf5 22. Qxf5 exf5 23. Nf6+ Kg7 24. Na3 Bxb2 25. Rb1 Bxa3 26. Nd5 Be6 27. Rd4 Bc5 0-1


[Site "https://www.chess.com"]